 Dungeon Crawl Stone Soup version 0.23.0 (webtiles) character file.

Game seed: 11050897693273859215

46 MetaCosm the Shield-Bearer (level 3, 0/24 HPs)
             Began as a Gargoyle Fighter on Feb 17, 2019.
             Slain by a gnoll
             ... wielding a +0 spear
              (6 damage)
             ... on level 2 of the Dungeon.
             The game lasted 00:01:12 (1222 turns).

MetaCosm the Shield-Bearer (Gargoyle Fighter)       Turns: 1222, Time: 00:01:13

Health: 0/24       AC: 10    Str: 20    XL:     3   Next: 66%
Magic:  3/3        EV:  7    Int:  8    God:
Gold:   17         SH:  9    Dex:  9    Spells: 2/2 levels left

rFire    . . .     SeeInvis .   a - +0 flail
rCold    . . .     Gourm    .   c - +0 shield
rNeg     + . .     Faith    .   b - +0 scale mail
rPois    ∞         Spirit   .   (no helmet)
rElec    +         Reflect  .   (no cloak)
rCorr    .         Harm     .   (no gloves)
MR       .....                  (no boots)
Stlth    ..........             (no amulet)
HPRegen  0.08/turn              (no ring)
MPRegen  0.08/turn              (no ring)

@: no status effects
A: negative energy resistance 1, electricity resistance, unbreathing,
petrification resistance, rot immunity, AC +3
a: no special abilities


You were on level 2 of the Dungeon.
You were not hungry.

You visited 1 branch of the dungeon, and saw 2 of its levels.

You collected 17 gold pieces.


Innate Abilities, Weirdness & Mutations

You are resistant to torment.
Your stone body is resilient. (AC +3)
You are immune to poison.
You resist negative energy. (rN+)
You are resistant to electric shocks. (rElec)
You can survive without breathing.
You are immune to petrification.
You are immune to rotting.


   Skills:
 + Level 3.6 Fighting
 * Level 2.9 Maces & Flails
 + Level 3.6 Armour
 + Level 3.7 Shields


You had 2 spell levels left.
You didn't know any spells.
Your spell library was empty.

Dungeon Overview and Level Annotations

Branches:
Dungeon (2/15)

Altars:

Inventory:

Hand Weapons
 a - a +0 flail (weapon)
Missiles
 i - 13 bolts
Armour
 b - a +0 scale mail (worn)
 c - a +0 shield (worn)
Scrolls
 g - a scroll of identify {unknown}
Potions
 e - a potion of agility {unknown}
 h - a potion of lignification {unknown}
Comestibles
 f - 3 rations

Action                   || total
-------------------------++-------
Melee: Flail             ||    93
  Use: Potion            ||     1
  Eat: Chunk             ||     1
Armor: Scale mail        ||    38
Dodge: Dodged            ||    29
Block: Shield            ||    49
#.#.# ####.#.# #....#.# # # #.####.#....###.# .# ..............#.# .# ..####.#........##.# #.######)###g.# ######.######.###g# ................@.# ######.######.###.# #<.......# .# #######..# .# #..# .# #..# .# #..# .# #.. ..


Message History

A worm comes into view.
You regained 11 hp, and now have 19/23 hp.
A worm is nearby!
Unknown command.
A worm is nearby!
No target in view!
No target in view!
No target in view!
No target in view!
No target in view!
No target in view!
No target in view!
No target in view!
No target in view!
No target in view!
No target in view!
The worm is too close now for your liking.
The worm bites you.
You take 3 damage, and have 16/23 hp.
You are too injured to fight recklessly!
You are too injured to fight recklessly!
You are too injured to fight recklessly!
You are too injured to fight recklessly!
You are too injured to fight recklessly!
You are too injured to fight recklessly!
You are too injured to fight recklessly!
You are too injured to fight recklessly!
You are too injured to fight recklessly!
You are too injured to fight recklessly!
You are too injured to fight recklessly!
You are too injured to fight recklessly!
You are too injured to fight recklessly!
You are too injured to fight recklessly!
You are too injured to fight recklessly!
You are too injured to fight recklessly!
Unknown command.
You sock the worm! The worm barely misses you.
You barely miss the worm. You thump the worm!
You kill the worm!
Things that are here:
a +0 spear; a gnoll skeleton; Health restored: 23 A gnoll comes into view.
It is wielding a +0 spear.
A gnoll comes into view. It is wielding a +0 club.
The gnoll shouts!
A gnoll comes into view. It is wielding a +0 whip.
The gnoll barely misses you.
You hit the gnoll but do no damage. The gnoll hits you with a +0 club.
You block the gnoll's attack. The gnoll completely misses you.
You block the gnoll's attack.
You take 3 damage, and have 20/23 hp.
You hit the gnoll. The gnoll hits you with a +0 club.
The gnoll hits you from afar with a +0 spear.
You take 5 damage, and have 15/23 hp.
MASSIVE DAMAGE!!
You hit the gnoll. The gnoll barely misses you. You block the gnoll's attack.
You closely miss the gnoll.
The gnoll hits you from afar with a +0 spear.
The gnoll hits you with a +0 club.
You take 3 damage, and have 12/23 hp.
You hit the gnoll but do no damage. The gnoll barely misses you.
The gnoll hits you with a +0 club.
* * * LOW HITPOINT WARNING * * *
You block the gnoll's attack.
You take 4 damage, and have 8/23 hp.
Unknown command.
You hit the gnoll.
You kill the gnoll!
The gnoll hits you from afar with a +0 spear.
* * * LOW HITPOINT WARNING * * *
You take 2 damage, and have 6/24 hp.
The gnoll closely misses you.
You see here a +0 club.
You sock the gnoll! The gnoll hits you with a +0 spear.
You die...

Vanquished Creatures
  2 gnolls (D:2)
  A worm (D:2)
  2 dart slugs (D:1)
  A giant cockroach (D:2)
  3 hobgoblins (D:1)
  4 bats (D:1)
  2 frilled lizards (D:1)
  3 goblins (D:1)
  5 rats (D:1)
23 creatures vanquished. You could see 2 gnolls.

Table legend:
 A = Turns spent in this place as a percentage of turns spent in the entire game.
 B = Non-inter-level travel turns spent in this place as a percentage of non-inter-level travel turns spent in the entire game.
 C = Inter-level travel turns spent in this place as a percentage of turns spent in this place.
 D = Turns resting spent in this place as a percentage of non-inter-level travel turns spent in this place.
 E = Turns spent auto-exploring this place as a percentage of non-inter-level travel turns spent in this place.
 F = Non-inter-level travel turns spent in this place divided by the number of levels of this place that you've seen.
                   A       B       C       D       E      F
               +-------+-------+-------+-------+-------+----------------------
         Total | 100.0 | 100.0 |   2.2 |   0.0 |  86.1 | 597.5
       Dungeon | 100.0 | 100.0 |   2.2 |   0.0 |  86.1 | 597.5
               +-------+-------+-------+-------+-------+----------------------

Table legend:
 A = Kills in this place as a percentage of kills in entire the game.
 B = Kills by you in this place as a percentage of kills by you in the entire game.
 C = Kills by friends in this place as a percentage of kills by friends in the entire game.
 D = Other kills in this place as a percentage of other kills in the entire game.
 E = Experience gained in this place as a percentage of experience gained in the entire game.
 F = Experience gained in this place divided by the number of levels of this place that you have seen.
                   A       B       C       D       E      F
               +-------+-------+-------+-------+-------+----------------------
         Total | 100.0 | 100.0 |   N/A |   N/A | 100.0 |  33.0
       Dungeon | 100.0 | 100.0 |   N/A |   N/A | 100.0 |  33.0
               +-------+-------+-------+-------+-------+----------------------

Notes
Turn   | Place    | Note
-------+----------+-------------------------------------------
     0 | D:1      | MetaCosm the Gargoyle Fighter began the quest for the Orb.
     0 | D:1      | Reached XP level 1. HP: 14/14 MP: 1/1
   243 | D:1      | Reached XP level 2. HP: 19/19 MP: 2/2
   884 | D:2      | HP: 3/19 [gnoll/+0 spear (2)]
   890 | D:2      | Reached XP level 3. HP: 3/23 MP: 3/3
  1220 | D:2      | HP: 6/24 [gnoll/+0 spear (2)]
  1222 | D:2      | Slain by a gnoll

Levels and vault maps discovered:
D:1:      scummos_arrival_gate, layout_basic
D:2:      layout_loops_ring, gammafunk_temple_overflow_wave,
          grunt_temple_overflow_cloverleaf, uniq_sigmund
